 Dungeon Crawl Stone Soup version 0.31-a0-1370-gf52a5a9ab3 (webtiles) character file.

Game seed: 8606754571458469323

258 thriggle the Magician (level 5, -2/37 HPs)
             Began as a Demonspawn Hedge Wizard on Dec 24, 2023.
             Was a Believer of Wu Jian.
             Slain by a gnoll
             ... wielding a +0 spear
              (5 damage)
             ... on level 4 of the Dungeon.
             The game lasted 00:17:52 (3321 turns).

thriggle the Magician (Demonspawn Hedge Wizard)     Turns: 3321, Time: 00:17:55

Health: -2/37      AC:  4    Str: 11    XL:     5   Next: 94%
Magic:  10/10      EV: 12    Int: 16    God:    Wu Jian [**....]
Gold:   109        SH:  6    Dex: 12    Spells: 3/10 levels left

rFire   . . .        q - +2 dagger (venom)
rCold   . . .        (no shield)
rNeg    . . .        f - +0 leather armour
rPois   .            c - +0 hat
rElec   .            e - +0 cloak
rCorr   .            (no gloves)
SInv    .            (no boots)
Will    .....        n - amulet of the acrobat
Stlth   ++           (no ring)
HPRegen 0.26/turn    (no ring)
MPRegen 0.12/turn

%: acrobat
@: no status effects
A: claws 1, large bone plates 2, ignite blood 1
a: Renounce Religion, Wall Jump


You were on level 4 of the Dungeon.
You worshipped Wu Jian.
Wu Jian was pleased with you.
You visited 1 branch of the dungeon, and saw 4 of its levels.

You collected 109 gold pieces.

Inventory:

Hand Weapons
 k - a +1 short sword of speed
 p - a +1 great mace of protection
 q - a +2 dagger of venom (weapon)
Missiles
 h - 5 poisoned darts
 i - 66 stones
 t - 4 javelins
Armour
 b - a +0 robe
 c - a +0 hat (worn)
 e - a +0 cloak (worn)
 f - a +0 leather armour (worn)
Jewellery
 n - an amulet of the acrobat (around neck)
 r - a +4 ring of protection
Scrolls
 j - a scroll of noise
 m - a scroll of teleportation
 s - a scroll of blinking
Potions
 a - a potion of cancellation
 d - a potion of magic
 g - 2 potions of heal wounds {unknown}
 l - a potion of attraction {unknown}
 o - a potion of mutation {unknown}


   Skills:
 + Level 1.5 Fighting
 + Level 0.9 Short Blades
 - Level 1.0 Throwing
 + Level 1.0 Armour
 + Level 2.4 Dodging
 + Level 2.6 Stealth
 - Level 0.3 Shields
 + Level 3.4 Spellcasting
 + Level 2.0 Conjurations
 + Level 0.7 Hexes
 - Level 1.2 Summonings
 - Level 1.1 Translocations
 + Level 1.1 Air Magic
 * Level 1.5 Alchemy


You had 3 spell levels left.
You knew the following spells:

 Your Spells              Type           Power      Damage    Failure   Level
a - Magic Dart            Conj           36%        1d4       11%         1
b - Call Imp              Summ           12%        N/A       22%         2
c - Mephitic Cloud        Conj/Alch/Air  7%         N/A       36%         3
d - Slow                  Hex            20%        N/A       17%         1

Your spell library contained the following spells:

 Spells                   Type           Power      Damage    Failure   Level
 Blink                    Tloc           12%        N/A       22%         2
 Cigotuvi's Dreadful Rot  Necr/Alch/Air  10%        N/A       24%         2
 Sublimation of Blood     Necr           2%         N/A       34%         2
 Petrify                  Alch/Erth      5%         N/A       86%         4
 Irradiate                Conj/Alch      4%         3d13      97%         5


Dungeon Overview and Level Annotations

Branches:
Dungeon (4/15)
 Temple: D:4-7

Altars:
Ru
Vehumet
Wu Jian


Innate Abilities, Weirdness & Mutations

You have sharp fingernails.
You are mostly covered in large bone plates. (SH +6)
Your demonic aura sometimes causes spilled blood to erupt in flames.


Message History

A gnoll comes into view.
It is wielding a +0 spear and quivering 2 throwing nets.
The goblin shouts!
The gnoll shouts! x2
The gnoll throws a throwing net.
The throwing net barely misses you.
You see here a throwing net.
A gnoll comes into view. It is wielding a +0 whip.
You lunge at the goblin.
The gnoll shouts!
You puncture the goblin!
You kill the goblin!
The Council accepts your kill.
You spin and attack the gnoll.
You hit the gnoll but do no damage.
The gnoll is poisoned.
The gnoll throws a throwing net.
The throwing net hits you.
You become entangled in the net!
The gnoll hits you with a +0 club!
Things that are here:
a throwing net; a +0 club; a goblin corpse Unknown command.
You struggle against the net.
The gnoll barely misses you.
You tear a large gash into the net.
The gnoll hits you with a +0 whip. The gnoll hits you with a +0 club.
You shred the net and break free! You block the gnoll's attack.
The gnoll hits you with a +0 whip! The gnoll completely misses you.
You spin and attack the gnoll repeatedly.
You hit the gnoll.
The gnoll is moderately wounded.
You closely miss the gnoll.
The gnoll is moderately wounded.
There is nothing to wall jump against here.
The gnoll attacks as it pursues you!
The gnoll hits you from afar with a +0 spear.
* * * LOW HITPOINT WARNING * * *
The gnoll attacks as it pursues you! The gnoll hits you with a +0 club!
* * * LOW HITPOINT WARNING * * *
Aiming: Wall Jump
Press: ? - help, Dir - move target You repeatedly attack the gnoll from above.
You hit the gnoll but do no damage.
The gnoll is poisoned.
You hit the gnoll but do no damage.
The gnoll looks as sick as possible!
The gnoll hits you from afar with a +0 spear.
You die...

..## ...##
....###
###.......
#........#
#.....##.#
##○○..###.#
#°@○g...#.#
#○g○....#.##
###+#
#..g....... ...#
###(..###.#
####.## #...#
#.# #......
##.## #.#
#.#...# #.#
#.###......
#.####.........#
#..........##.##


You could see 3 gnolls.

Vanquished Creatures
  An ogre (D:4)
  An orc priest (D:3)
  A sleepcap (D:3)
  An orc wizard (D:4)
  2 dart slugs
  4 orcs
  7 endoplasms
  2 giant cockroaches (D:1)
  9 goblins
  5 hobgoblins
  4 jackals (D:1)
  7 kobolds
  5 quokkas
  7 ball pythons
  5 bats
  5 frilled lizards
  7 rats
73 creatures vanquished.

Vanquished Creatures (collateral kills)
  A goblin (D:3)
  4 jackals (D:1)
5 creatures vanquished.

Grand Total: 78 creatures vanquished

Notes
Turn   | Place    | Note
-------+----------+-------------------------------------------
     0 | D:1      | thriggle the Demonspawn Hedge Wizard began the quest for
                  | the Orb.
     0 | D:1      | Reached XP level 1. HP: 13/13 MP: 4/4
   208 | D:1      | Reached skill level 1 in Translocations
   276 | D:1      | Gained mutation: Your demonic aura sometimes causes spilled
                  | blood to erupt in flames. [demonic ancestry]
   276 | D:1      | Reached XP level 2. HP: 19/19 MP: 3/6
   645 | D:1      | Learned a level 2 spell: Call Imp
   802 | D:1      | Gained mutation: You are partially covered in large bone
                  | plates. (SH +4) [demonic ancestry]
   802 | D:1      | Reached XP level 3. HP: 25/25 MP: 3/7
   806 | D:1      | Learned a level 3 spell: Mephitic Cloud
  1179 | D:1      | Reached skill level 1 in Fighting
  1448 | D:2      | Found a faded altar of an unknown god.
  1462 | D:2      | Prayed at the altar of an unknown god.
  1462 | D:2      | Became a worshipper of the Wu Jian Council
  1462 | D:2      | Reached * piety under Wu Jian
  2187 | D:3      | Gained mutation: You are mostly covered in large bone
                  | plates. (SH +6) [demonic ancestry]
  2187 | D:3      | Reached XP level 4. HP: 32/32 MP: 8/8
  2400 | D:3      | Found a radiant altar of Vehumet.
  2591 | D:3      | Found a sacrificial altar of Ru.
  2737 | D:3      | Reached skill level 1 in Throwing
  2750 | D:3      | Learned a level 1 spell: Slow
  2846 | D:3      | Reached ** piety under Wu Jian
  2988 | D:3      | Reached skill level 1 in Alchemy
  2988 | D:3      | Gained mutation: You have sharp fingernails. [demonic
                  | ancestry]
  2988 | D:3      | Reached XP level 5. HP: 37/37 MP: 10/10
  3049 | D:4      | Noticed an ogre
  3053 | D:4      | Killed an ogre
  3054 | D:4      | Reached skill level 1 in Air Magic
  3216 | D:4      | Reached skill level 1 in Armour
  3321 | D:4      | Slain by a gnoll

Illustrated notes

Levels and vault maps discovered:
D:1:      matt_arrival_refuge, layout_basic
D:2:      layout_basic, chequers_ecumenical_altar_island,
          chequers_serial_rivers_room_b
D:3:      cheibrodos_pilgrimage, layout_rooms,
          mainiacjoe_overflow_small_starburst, nicolae_vehumet_radiance,
          grunt_ministairs_13
D:4:      layout_loops_corners, amcnicky_altar_gilded, okawaru_gym_becter,
          grunt_ashenzari_visionary [grunt_ashenzari_visionary_shoals,
          grunt_ashenzari_visionary_snake], serial_shops, kennysheep_mini,
          uniq_ijyb

Skill      XL: |  1  2  3  4  5 |
---------------+----------------+-----
Translocations | 1 |  1.1
Stealth        | 2 |  2.6
Dodging        | 2 |  2.4
Fighting       | 1 |  1.5
Throwing       | 1 |  1.0
Alchemy        | 1 |  1.5
Air Magic      | 1 |  1.1
Armour         | 1 |  1.0
Conjurations   | 2 |  2.0
Short Blades   | |  0.9
Shields        | |  0.3
Spellcasting   | |  3.4
Hexes          | |  0.7
Summonings     | |  1.2

Action                     |  1- 3 |  4- 6 || total
---------------------------+-------+-------++-------
  Melee: Dagger            |    13 |    41 ||    54
         Short sword       |   149 |    55 ||   204
   Cast: Magic Dart        |    52 |     5 ||    57
         Call Imp          |     4 |     3 ||     7
Ability: Whirlwind         |    12 |    22 ||    34
         Lunge             |     4 |     6 ||    10
         Wall Jump         |       |     2 ||     2
    Use: Scroll            |     1 |     6 ||     7
         Potion            |     1 |     2 ||     3
   Stab: Sleeping          |     7 |     3 ||    10
 Armour: Robe              |    69 |    18 ||    87
         Leather armour    |       |    27 ||    27
  Dodge: Dodged            |    82 |    28 ||   110
  Block: Other             |    17 |    11 ||    28

Table legend: (Time is in decaauts)
 A = Elapsed time spent in this place.
 B = Non-inter-level travel time spent in this place.
 C = Inter-level travel time spent in this place.
 D = Time resting spent in this place.
 E = Time spent auto-exploring this place.
 F = Levels seen in this place.
 G = Mean time per level.
                   A        B        C        D        E       F      G
               +--------+--------+--------+--------+--------+-----+--------+
         Total |   3304 |   3059 |    245 |    250 |   1584 |   4 |  826.0 |
       Dungeon |   3304 |   3059 |    245 |    250 |   1584 |   4 |  826.0 |
               +--------+--------+--------+--------+--------+-----+--------+

Top non-repeatable levels by time:
     D:1: 1391 daAuts
     D:2: 981 daAuts
     D:3: 650 daAuts
     D:4: 280 daAuts
